 Dungeon Crawl Stone Soup version 0.29.1-14-g9c671dbff4 (webtiles) character file.

Game seed: 9286709456241991475

338 leafyfresh the Changer (level 6, -4/38 HPs)
             Began as an Octopode Transmuter on Feb 14, 2023.
             Was a Believer of Elyvilon.
             Slain by a gnoll
             ... wielding a +0 flail
             ... led by a gnoll bouda
              (8 damage)
             ... on level 4 of the Dungeon.
             The game lasted 00:07:55 (4907 turns).

leafyfresh the Changer (Octopode Transmuter)        Turns: 4907, Time: 00:07:56

Health: -4/38      AC:  1    Str:  9    XL:     6   Next: 55%
Magic:  9/9        EV:  7    Int: 15    God:    Elyvilon [**....]
Gold:   287        SH:  0    Dex: 15    Spells: 3/9 levels left

rFire   . . .      SeeInvis .   b - +0 dagger
rCold   . . .      Faith    .   (no shield)
rNeg    . . .      Spirit   .   (helmet restricted)
rPois   .          Reflect  .   (no amulet)
rElec   .          Harm     .   (no ring)
rCorr   .          Rampage  .   (no ring)
Will    .....                   (no ring)
Stlth   +++.......              (no ring)
HPRegen 0.12/turn               (no ring)
MPRegen 0.11/turn               (no ring)
                                (no ring)
                                (no ring)

@: held
A: almost no armour, amphibious, 8 rings, camouflage 1, gelatinous body 1,
(nimble swimmer 1), tentacles
a: Renounce Religion, Purification, Heal Other


You were on level 4 of the Dungeon.
You worshipped Elyvilon.
Elyvilon was pleased with you.
You visited 1 branch of the dungeon, and saw 4 of its levels.
You also visited: Sewer.

You collected 287 gold pieces.

Inventory:

Hand Weapons
 b - a +0 dagger (weapon)
Wands
 p - a wand of polymorph (6)
Scrolls
 c - 2 scrolls of identify
 d - a scroll of summoning
 f - a scroll of fear {unknown}
 g - a scroll of teleportation {unknown}
 m - 2 scrolls of poison {unknown}
 n - a scroll of blinking
Potions
 a - a potion of ambrosia {unknown}
 e - 2 potions of invisibility {unknown}
 h - a potion of heal wounds
 i - a potion of attraction {unknown}
 j - 2 potions of haste {unknown}
 k - a potion of might {unknown}
 l - a potion of brilliance {unknown}
 o - a potion of mutation {unknown}


   Skills:
 + Level 1.1 Fighting
 + Level 2.1 Dodging
 + Level 0.7 Stealth
 + Level 3.0 Unarmed Combat
 - Level 2.0 Spellcasting
 - Level 6.6 Transmutations


You had 3 spell levels left.
You knew the following spells:

 Your Spells              Type           Power      Damage    Failure   Level
a - Beastly Appendage     Tmut           42%        N/A       1%          1
b - Passwall              Tmut/Erth      9%         N/A       9%          2
c - Spider Form           Tmut/Pois      11%        N/A       17%         3

Your spell library contained the following spells:

 Spells                   Type           Power      Damage    Failure   Level
 Wereblood                Tmut           21%        N/A       2%          2
 Foxfire                  Conj/Fire      4%         2x1d4     22%         1
 Slow                     Hex            4%         N/A       22%         1
 Ensorcelled Hibernation  Hex/Ice        2%         N/A       32%         2
 Confusing Touch          Hex            1%         N/A       54%         3
 Conjure Flame            Conj/Fire      1%         6-21      54%         3
 Gell's Gravitas          Tloc           1%         N/A       54%         3
 Inner Flame              Hex/Fire       1%         N/A       54%         3
 Lesser Beckoning         Tloc           1%         N/A       54%         3
 Swiftness                Air            1%         N/A       54%         3
 Teleport Other           Tloc           1%         N/A       54%         3
 Vampiric Draining        Necr           1%         2d6       54%         3
 Ice Form                 Ice/Tmut       11%        N/A       50%         4
 Flame Wave               Conj/Fire      1%         2d4       91%         4


Dungeon Overview and Level Annotations

Branches:
Dungeon (4/15)              Sewer (visited)
 Temple: D:4-7

Altars:
Dithmenos
Elyvilon
Ru
Trog

Shops:
D:4 !


Innate Abilities, Weirdness & Mutations

You cannot wear most types of armour.
You are amphibious.
You can wear up to eight rings at the same time.
Your skin changes colour to match your surroundings (Stealth+).
Your rubbery body absorbs attacks. (AC +1, EV +1)
((You are camouflaged when in or above water. (Stealth+)))
You have tentacles for arms and can constrict up to eight enemies at once.


Message History

Unknown command.
You see here a +0 spear.
You now have 287 gold pieces (gained 5).
You open the door.
There is an open door here.
A gnoll comes into view. It is wielding a +0 flail.
A gnoll is nearby!
A gnoll bouda comes into view. It is wielding a +0 club.
The gnoll bouda shouts!
You hear a shout!
The gnoll bouda barks out a call to the hunt!
The gnoll picks up the pace!
A gnoll comes into view. It is wielding a +0 spear.
You hear a shout!
There are monsters nearby!
A gnoll comes into view. It is wielding a +0 flail.
The gnoll shouts!
A gnoll comes into view.
It is wielding a +1 flail of protection.
There are monsters nearby!
A gnoll comes into view. It is wielding a +0 flail.
Unknown command.
Unknown command.
The gnoll shouts!
The gnoll throws a throwing net.
The throwing net hits you.
You become entangled in the net!
You see here a throwing net.
You struggle against the net.
The gnoll hits you with a +0 flail. The gnoll barely misses you.
You tear a large gash into the net.
The gnoll hits you with a +0 flail.
The gnoll hits you from afar with a +0 spear!
Unknown command.
As you read the scroll labelled ROIDDEBAPAC, it crumbles to dust.
Wisps of shadow whirl around you...
It was a scroll of summoning.
The gnoll hits you with a +0 flail. The gnoll hits you with a +0 flail!
* * * LOW HITPOINT WARNING * * *
The gnoll barely misses you.
You struggle against the net.
The gnoll hits you with a +1 flail of protection.
* * * LOW HITPOINT WARNING * * *
The gnoll hits you with a +0 flail!
You die...

#...≈....#....≈
#.#...#.....#...#.
#.......≈.≈.......
+..≈.≈.......≈.≈......
#......#...#.....#...#
#..#....≈....#....≈..
###.##....g#...#.....#....
........g≈gg.#...≈.≈......
........gg@g.'...........
.########.g.##.......#
#...##......##..#
#.......##..##..# .
+.......##..##..##.
#.......#...##..##.
######..#...##..##.
##..##..##..##.
....##..##..##.


You could see a gnoll bouda, 5 gnolls, a friendly hobgoblin (summoned) and a
friendly goblin (summoned).

Vanquished Creatures
  2 bullfrogs (Sewer)
  3 gnolls
  9 adders
  4 river rats (Sewer)
  A worm (D:2)
  3 dart slugs
  A bat (D:1)
  3 endoplasms
  3 giant cockroaches
  3 goblins (D:1)
  2 hobgoblins (D:1)
  2 quokkas
  10 ball pythons
  3 frilled lizards
  6 kobolds
  25 rats
80 creatures vanquished.

Notes
Turn   | Place    | Note
-------+----------+-------------------------------------------
     0 | D:1      | leafyfresh the Octopode Transmuter began the quest for the
                  | Orb.
     0 | D:1      | Reached XP level 1. HP: 13/13 MP: 3/3
    99 | D:1      | Reached XP level 2. HP: 16/18 MP: 5/5
   305 | D:1      | Reached skill level 3 in Transmutations
   677 | D:1      | Learned a level 2 spell: Passwall
  1173 | D:2      | Found a white marble altar of Elyvilon.
  1185 | D:2      | Became a worshipper of Elyvilon the Healer
  1307 | D:2      | Reached XP level 3. HP: 22/23 MP: 6/6
  1311 | D:2      | Learned a level 3 spell: Spider Form
  1573 | D:2      | Found a faded altar of an unknown god.
  1619 | D:2      | Reached * piety under Elyvilon
  1935 | D:3      | Found a shadowy altar of Dithmenos.
  1937 | D:3      | Found a bloodstained altar of Trog.
  1939 | D:3      | Found a sacrificial altar of Ru.
  2082 | D:3      | Found a glowing drain.
  2119 | Sewer    | Entered a sewer
  2382 | Sewer    | Reached skill level 4 in Transmutations
  2697 | Sewer    | Reached XP level 4. HP: 25/28 MP: 7/7
  3409 | Sewer    | Reached skill level 5 in Transmutations
  3409 | Sewer    | Reached XP level 5. HP: 32/33 MP: 4/8
  3743 | Sewer    | HP: 1/49 [bullfrog (4)]
  3772 | Sewer    | Reached skill level 6 in Transmutations
  3772 | Sewer    | Reached XP level 6. HP: 21/38 MP: 9/9
  4428 | D:3      | Reached ** piety under Elyvilon
  4530 | D:4      | Found Vuunuerph's Distillery.
  4907 | D:4      | Slain by a gnoll

Illustrated notes

Levels and vault maps discovered:
D:1:      dpeg_arrival_yet_another_circle, layout_basic, minmay_crystal_water
D:2:      layout_basic, shapermc_ecumenical_altar_mp_vishouse, basic_altar,
          kennysheep_pointless_box
D:3:      layout_loops_ring, grunt_temple_overflow_open, portal_sewer_entry_b
D:4:      layout_gridville, amcnicky_altar_gilded,
          minmay_temple_entry_offerings, serial_shops, nicolae_stop_n_shop_2,
          skrybe_limestone_x, nicolae_kite_square_tiling_tiny

Skill      XL: |  1  2  3  4  5 |
---------------+----------------+-----
Transmutations | 3 4 5 6 |  6.6
Fighting       | |  1.1
Dodging        | |  2.1
Stealth        | |  0.7
Unarmed Combat | |  3.0
Spellcasting   | |  2.0

Action                   |  1- 3 |  4- 6 || total
-------------------------+-------+-------++-------
Melee: Unarmed           |     8 |    74 ||    82
       Constrict         |    24 |    10 ||    34
       Tentacles         |    12 |     7 ||    19
       Dagger            |    67 |    67 ||   134
       Punch             |     3 |     3 ||     6
       Kick              |     3 |     2 ||     5
 Cast: Beastly Appendage |     1 |     3 ||     4
       Spider Form       |       |    10 ||    10
  Use: Scroll            |     1 |     2 ||     3
       Potion            |       |     6 ||     6
 Stab: Sleeping          |     9 |     1 ||    10
Armor: Skin              |     2 |   148 ||   150
Dodge: Dodged            |    35 |   137 ||   172
